TOP OF THE 1ST |
Butler Bulldogs batting - Pitching for Nebraska Cornhuskers : RHP Orlando Martínez
|
Pitching: RHP Orlando Martínez
|
|
Batting: RHB Weldon Duke
|
0-0: Called Strike 0-1: Ball 1-1: Called Strike 1-2: Ball 2-2: Strikes out swinging
|
Batting: LHB Darryl Kirby
|
0-0: Ball 1-0: Ball 2-0: Foul Ball, location: 2F 2-1: Ball 3-1: Fly out, F8 (Flyball, 8LM)
|
Batting: RHB Robert Sipple
|
0-0: Ball 1-0: Foul Ball, location: 2F 1-1: Called Strike 1-2: Strikes out swinging
|
Top of the 1st over - 0 run(s), 0 hit(s), 0 error(s), 0 left on base; Butler 0 - Nebraska 0 |
BOTTOM OF THE 1ST |
Nebraska Cornhuskers batting - Pitching for Butler Bulldogs : RHP Jeff Blanco
|
Pitching: RHP Jeff Blanco
|
|
Batting: RHB Michael Reed
|
0-0: Called Strike 0-1: Ball 1-1: Ball 2-1: SOLO HOME RUN (Flyball, 89XD), Distance : 387 ft
|
Batting: RHB Jeff Willis
|
0-0: Ball 1-0: Ball 2-0: Called Strike 2-1: Ball 3-1: Called Strike 3-2: Base on Balls
|
Batting: LHB José Pérez
|
0-0: Ball 1-0: Ball 2-0: Ball 3-0: Called Strike 3-1: Foul Ball, location: 2F 3-2: Base on Balls Jeff Willis to second
|
Batting: SHB David Stanley
|
0-0: Called Strike 0-1: Foul Ball, location: 2F 0-2: Strikes out swinging
|
Batting: LHB Luis García
|
0-0: SINGLE (Line Drive, 34D) Jeff Willis to third José Pérez to second Runner from 3rd tries for Home, SAFE, throw made home José Pérez to third Luis García to second
|
Batting: RHB Jeffery Taylor
|
0-0: Ball 1-0: Ball 2-0: Ball 3-0: Called Strike 3-1: Reached on error, E8 (Flyball, 8RM) José Pérez scores Luis García to third
|
Batting: RHB Ronald Hodge
|
0-0: Called Strike 0-1: Ball 1-1: Foul Ball, location: 2F 1-2: Strikes out swinging
|
Batting: RHB Guy Bullard
|
0-0: Ball 1-0: Ball 2-0: Swinging Strike 2-1: Fielders Choice at 2nd, 6-4 (Groundball, 56)
|
Bottom of the 1st over - 3 run(s), 2 hit(s), 1 error(s), 1 left on base; Butler 0 - Nebraska 3 |
TOP OF THE 2ND |
Butler Bulldogs batting - Pitching for Nebraska Cornhuskers : RHP Orlando Martínez
|
Batting: LHB Víctor Piña
|
0-0: Foul Ball, location: 2F 0-1: Ball 1-1: Foul Ball, location: 2F 1-2: Single, Error in OF, E8, batter to second base
|
Batting: RHB Howard Reed
|
0-0: Ball 1-0: Called Strike 1-1: Ball 2-1: Fly out, F9 (Flyball, 9)
|
Batting: SHB Kel Davis
|
0-0: Called Strike 0-1: Ball 1-1: Ball 2-1: Fly out, F8 (Flyball, 78M)
|
Batting: RHB Foster Love
|
0-0: Ball 1-0: Foul Ball, location: 2F 1-1: Swinging Strike 1-2: Strikes out looking
|
Top of the 2nd over - 0 run(s), 1 hit(s), 1 error(s), 1 left on base; Butler 0 - Nebraska 3 |
BOTTOM OF THE 2ND |
Nebraska Cornhuskers batting - Pitching for Butler Bulldogs : RHP Jeff Blanco
|
Batting: LHB Edmund Bilbrey
|
0-0: Fly out, F4 (Line Drive, 4)
|
Batting: RHB Michael Reed
|
0-0: Ball 1-0: Ball 2-0: Ball 3-0: Base on Balls
|
Batting: RHB Jeff Willis
|
0-0: Foul Ball, location: 2F Pickoff Throw to First - Out! 0-1: Foul Ball, location: 2F 0-2: Strikes out looking
|
Bottom of the 2nd over - 0 run(s), 0 hit(s), 0 error(s), 0 left on base; Butler 0 - Nebraska 3 |
TOP OF THE 3RD |
Butler Bulldogs batting - Pitching for Nebraska Cornhuskers : RHP Orlando Martínez
|
Batting: RHB Daniel Bennett
|
0-0: Foul Ball, location: 2F 0-1: Ground out U3 (Groundball, 3)
|
Batting: SHB Larry Walters
|
0-0: Called Strike 0-1: Called Strike 0-2: Ball 1-2: Foul Ball, location: 2F 1-2: Ball 2-2: Strikes out looking
|
Batting: RHB Weldon Duke
|
0-0: Called Strike 0-1: Foul Ball, location: 2F 0-2: Strikes out swinging
|
Top of the 3rd over - 0 run(s), 0 hit(s), 0 error(s), 0 left on base; Butler 0 - Nebraska 3 |
BOTTOM OF THE 3RD |
Nebraska Cornhuskers batting - Pitching for Butler Bulldogs : RHP Jeff Blanco
|
Batting: LHB José Pérez
|
0-0: Ball 1-0: Called Strike 1-1: Ball 2-1: Foul Ball, location: 2F 2-2: Ball 3-2: Foul Ball, location: 2F 3-2: Fly out, F4 (Popup, 4MD)
|
Batting: SHB David Stanley
|
0-0: Fly out, F8 (Line Drive, 8RM)
|
Batting: LHB Luis García
|
0-0: Ball 1-0: Ball 2-0: Called Strike 2-1: Called Strike 2-2: Foul Ball, location: 2F 2-2: Foul Ball, location: 2F 2-2: Ball 3-2: SINGLE (Groundball, 34) (infield hit)
|
Batting: RHB Jeffery Taylor
|
0-0: Ball 1-0: Fly out, F7 (Flyball, 7S)
|
Bottom of the 3rd over - 0 run(s), 1 hit(s), 0 error(s), 1 left on base; Butler 0 - Nebraska 3 |
TOP OF THE 4TH |
Butler Bulldogs batting - Pitching for Nebraska Cornhuskers : RHP Orlando Martínez
|
Batting: LHB Darryl Kirby
|
0-0: Called Strike 0-1: Ball 1-1: Called Strike 1-2: Ball 2-2: Ball 3-2: Base on Balls
|
Batting: RHB Robert Sipple
|
0-0: DOUBLE (Flyball, 78M) Darryl Kirby to third
|
Batting: LHB Víctor Piña
|
0-0: Foul Ball, location: 2F 0-1: Foul Ball, location: 2F 0-2: Ball 1-2: Foul Ball, location: 2F 1-2: Foul Ball, location: 2F 1-2: Foul Ball, location: 2F 1-2: 3-RUN HOME RUN (Flyball, 89XD), Distance : 390 ft
|
Batting: RHB Howard Reed
|
0-0: Foul Ball, location: 2F 0-1: Foul Ball, location: 2F 0-2: Ball 1-2: Foul Ball, location: 2F 1-2: Strikes out looking
|
Batting: SHB Kel Davis
|
0-0: Ball 1-0: Swinging Strike 1-1: Swinging Strike 1-2: Strikes out swinging
|
Batting: RHB Foster Love
|
0-0: Ball 1-0: Ball 2-0: Foul Ball, location: 2F 2-1: Ball 3-1: Called Strike 3-2: SINGLE (Groundball, 56D)
|
Batting: RHB Daniel Bennett
|
0-0: Called Strike 0-1: Foul Ball, location: 2F 0-2: Foul Ball, location: 2F 0-2: Foul Ball, location: 2F 0-2: Ball 1-2: Ball 2-2: Foul Ball, location: 2F 2-2: Fly out, F7 (Flyball, 7)
|
Top of the 4th over - 3 run(s), 3 hit(s), 0 error(s), 1 left on base; Butler 3 - Nebraska 3 |
BOTTOM OF THE 4TH |
Nebraska Cornhuskers batting - Pitching for Butler Bulldogs : RHP Jeff Blanco
|
Batting: RHB Ronald Hodge
|
0-0: Called Strike 0-1: Fly out, F3 (Popup, 3)
|
Batting: RHB Guy Bullard
|
0-0: Called Strike 0-1: TRIPLE (Line Drive, 9D)
|
Batting: LHB Edmund Bilbrey
|
0-0: Ground out U3 (Groundball, 34) Guy Bullard scores
|
Batting: RHB Michael Reed
|
0-0: Ground out 4-3 (Groundball, 4)
|
Bottom of the 4th over - 1 run(s), 1 hit(s), 0 error(s), 0 left on base; Butler 3 - Nebraska 4 |
TOP OF THE 5TH |
Butler Bulldogs batting - Pitching for Nebraska Cornhuskers : RHP Orlando Martínez
|
Batting: SHB Larry Walters
|
0-0: Ball 1-0: Foul Ball, location: 2F 1-1: SINGLE (Flyball, 7S)
|
Pitching: RHP Juan Sánchez
|
|
Batting: RHB Weldon Duke
|
0-0: Foul Ball, location: 2F 0-1: Foul Ball, location: 2F 0-2: Strikes out swinging
|
Batting: LHB Darryl Kirby
|
0-0: Grounds into double play, 1-6-3 (Groundball, P)
|
Top of the 5th over - 0 run(s), 1 hit(s), 0 error(s), 0 left on base; Butler 3 - Nebraska 4 |
BOTTOM OF THE 5TH |
Nebraska Cornhuskers batting - Pitching for Butler Bulldogs : RHP Jeff Blanco
|
Batting: RHB Jeff Willis
|
0-0: Foul Ball, location: 2F 0-1: Called Strike 0-2: Foul Ball, location: 2F 0-2: Ball 1-2: Ball 2-2: Ball 3-2: SINGLE (Line Drive, 89S)
|
Batting: LHB José Pérez
|
0-0: Ball 1-0: Ball 2-0: Foul Ball, location: 2F 2-1: SINGLE (Line Drive, 4D) Jeff Willis to second Runner from 2nd tries for 3rd, SAFE, throw made to third
|
Batting: SHB David Stanley
|
0-0: Ball 1-0: Fly out, F4 (Popup, 3D)
|
Batting: LHB Luis García
|
0-0: Called Strike 0-1: Called Strike 0-2: Strikes out swinging
|
Pitching: LHP Iván Rangel
|
|
Batting: RHB Jeffery Taylor
|
0-0: Called Strike 0-1: Ball 1-1: Fly out, F8 (Flyball, 78S)
|
Bottom of the 5th over - 0 run(s), 2 hit(s), 0 error(s), 2 left on base; Butler 3 - Nebraska 4 |
TOP OF THE 6TH |
Butler Bulldogs batting - Pitching for Nebraska Cornhuskers : RHP Juan Sánchez
|
Batting: RHB Robert Sipple
|
0-0: Called Strike 0-1: DOUBLE (Flyball, 89M)
|
Batting: LHB Víctor Piña
|
0-0: Ball 1-0: Foul Ball, location: 2F 1-1: Called Strike 1-2: Strikes out looking
|
Batting: RHB Howard Reed
|
0-0: Foul Ball, location: 2F 0-1: Ball 1-1: Foul Ball, location: 2F 1-2: Ball 2-2: Foul Ball, location: 2F 2-2: Ball 3-2: Ground out 1-3 (Groundball, 15S)
|
Batting: SHB Kel Davis
|
0-0: Foul Ball, location: 2F 0-1: Ball 1-1: Fly out, F9 (Flyball, 89S)
|
Top of the 6th over - 0 run(s), 1 hit(s), 0 error(s), 1 left on base; Butler 3 - Nebraska 4 |
BOTTOM OF THE 6TH |
Nebraska Cornhuskers batting - Pitching for Butler Bulldogs : LHP Iván Rangel
|
Batting: RHB Ronald Hodge
|
0-0: SINGLE (Line Drive, 78M)
|
Batting: RHB Guy Bullard
|
0-0: Ball 1-0: Foul Ball, location: 2F 1-1: Ball Wild Pitch! Ronald Hodge to second 2-1: Intentional Walk
|
Batting: LHB Edmund Bilbrey
|
0-0: Called Strike 0-1: Swinging Strike 0-2: Ball 1-2: Ball 2-2: Ball 3-2: SINGLE (Groundball, 6D) Ronald Hodge to third Guy Bullard to second
|
Batting: RHB Michael Reed
|
0-0: Called Strike 0-1: Ball 1-1: Called Strike 1-2: Ball 2-2: Ball 3-2: Base on Balls Ronald Hodge scores Guy Bullard to third Edmund Bilbrey to second
|
Batting: RHB Jeff Willis
|
0-0: Called Strike 0-1: Called Strike 0-2: Foul Ball, location: 2F 0-2: Ball 1-2: Hit by Pitch Guy Bullard scores Edmund Bilbrey to third Michael Reed to second
|
Pitching: RHP William Roberts
|
|
Batting: LHB José Pérez
|
0-0: Ball 1-0: Called Strike 1-1: Foul Ball, location: 2F 1-2: Ball 2-2: GRAND SLAM HOME RUN (Line Drive, 7LD), Distance : 316 ft
|
Batting: SHB David Stanley
|
0-0: Ground out 6-3 (Groundball, 6)
|
Batting: LHB Luis García
|
0-0: Foul Ball, location: 2F 0-1: Ground out U3 (Groundball, 3S)
|
Batting: RHB Jeffery Taylor
|
0-0: Called Strike 0-1: Foul Ball, location: 2F 0-2: Hit by Pitch
|
Batting: RHB Ronald Hodge
|
0-0: Ball 1-0: Ball 2-0: Ball 3-0: Called Strike 3-1: Base on Balls Jeffery Taylor to second
|
Batting: RHB Guy Bullard
|
0-0: Swinging Strike 0-1: Ball 1-1: Ball 2-1: Ball 3-1: Base on Balls Jeffery Taylor to third Ronald Hodge to second
|
Batting: LHB Edmund Bilbrey
|
0-0: Ball 1-0: Called Strike 1-1: Ball 2-1: Ball 3-1: Foul Ball, location: 2F 3-2: Foul Ball, location: 2F 3-2: Foul Ball, location: 2F 3-2: Base on Balls Jeffery Taylor scores Ronald Hodge to third Guy Bullard to second
|
Batting: RHB Michael Reed
|
0-0: Foul Ball, location: 2F 0-1: Ball 1-1: Foul Ball, location: 2F 1-2: SINGLE (Flyball, 7S) Ronald Hodge scores Guy Bullard to third Edmund Bilbrey to second
|
Pitching: RHP Bartolo Carr
|
|
Batting: RHB Jeff Willis
|
0-0: Ball 1-0: Foul Ball, location: 2F 1-1: Foul Ball, location: 2F 1-2: Fly out, F4 (Line Drive, 4)
|
Bottom of the 6th over - 8 run(s), 4 hit(s), 0 error(s), 3 left on base; Butler 3 - Nebraska 12 |
TOP OF THE 7TH |
Butler Bulldogs batting - Pitching for Nebraska Cornhuskers : RHP Juan Sánchez
|
Batting: RHB Foster Love
|
0-0: Ball 1-0: Swinging Strike 1-1: Fly out, F9 (Line Drive, 9)
|
Batting: RHB Daniel Bennett
|
0-0: Ball 1-0: Called Strike 1-1: Called Strike 1-2: Foul Ball, location: 2F 1-2: Strikes out swinging
|
Batting: SHB Larry Walters
|
0-0: Foul Ball, location: 2F 0-1: Called Strike 0-2: Strikes out swinging
|
Top of the 7th over - 0 run(s), 0 hit(s), 0 error(s), 0 left on base; Butler 3 - Nebraska 12 |
BOTTOM OF THE 7TH |
Nebraska Cornhuskers batting - Pitching for Butler Bulldogs : RHP Bartolo Carr
|
Batting: LHB José Pérez
|
0-0: Foul Ball, location: 2F 0-1: Fly out, F8 (Flyball, 8LS)
|
Batting: SHB David Stanley
|
0-0: Foul Ball, location: 2F 0-1: Foul Ball, location: 2F 0-2: Ball 1-2: Strikes out swinging
|
Batting: LHB Luis García
|
0-0: Ball 1-0: Ball 2-0: Ball 3-0: Base on Balls
|
Batting: RHB Jeffery Taylor
|
0-0: Swinging Strike 0-1: Called Strike 0-2: Ball 1-2: Fly out, F8 (Flyball, 8LM)
|
Bottom of the 7th over - 0 run(s), 0 hit(s), 0 error(s), 1 left on base; Butler 3 - Nebraska 12 |
TOP OF THE 8TH |
Butler Bulldogs batting - Pitching for Nebraska Cornhuskers : RHP Juan Sánchez
|
Batting: RHB Weldon Duke
|
0-0: Called Strike 0-1: Ball 1-1: DOUBLE (Flyball, 7LM)
|
Batting: LHB Darryl Kirby
|
0-0: Ball 1-0: Foul Ball, location: 2F 1-1: Ground out U3 (Groundball, 3) Weldon Duke to third
|
Batting: RHB Robert Sipple
|
0-0: Ball 1-0: Foul Ball, location: 2F 1-1: Swinging Strike 1-2: Strikes out swinging
|
Batting: LHB Víctor Piña
|
0-0: Foul Ball, location: 2F 0-1: Swinging Strike 0-2: Strikes out swinging
|
Top of the 8th over - 0 run(s), 1 hit(s), 0 error(s), 1 left on base; Butler 3 - Nebraska 12 |
BOTTOM OF THE 8TH |
Nebraska Cornhuskers batting - Pitching for Butler Bulldogs : RHP Bartolo Carr
|
Batting: RHB Ronald Hodge
|
0-0: Ball 1-0: Swinging Strike 1-1: Called Strike 1-2: Foul Ball, location: 2F 1-2: Strikes out swinging
|
Batting: RHB Guy Bullard
|
0-0: Swinging Strike 0-1: Swinging Strike 0-2: Ball 1-2: Foul Ball, location: 2F 1-2: Foul Ball, location: 2F 1-2: Ball 2-2: Ground out 4-3 (Groundball, 4)
|
Batting: LHB Edmund Bilbrey
|
0-0: Ball 1-0: Reached on error, E4 (Groundball, 34)
|
Pitching: LHP Rick Estes
|
|
Batting: RHB Michael Reed
|
0-0: Foul Ball, location: 2F 0-1: Called Strike 0-2: Strikes out swinging
|
Bottom of the 8th over - 0 run(s), 0 hit(s), 1 error(s), 1 left on base; Butler 3 - Nebraska 12 |
TOP OF THE 9TH |
Butler Bulldogs batting - Pitching for Nebraska Cornhuskers : RHP Juan Sánchez
|
Now at SS: Darrell Beard
|
|
Batting: RHB Howard Reed
|
0-0: Swinging Strike 0-1: Swinging Strike 0-2: Strikes out looking
|
Batting: SHB Kel Davis
|
0-0: Ball 1-0: Called Strike 1-1: Ball 2-1: Ground out 4-3 (Groundball, 34)
|
Batting: RHB Foster Love
|
0-0: Ball 1-0: Foul Ball, location: 2F 1-1: Swinging Strike 1-2: Foul Ball, location: 2F 1-2: Strikes out looking
|
Top of the 9th over - 0 run(s), 0 hit(s), 0 error(s), 0 left on base; Butler 3 - Nebraska 12 |
|